 Dungeon Crawl Stone Soup version 0.18-a0-750-g37044d6 (webtiles) character file.

377 MrRokkomies the Ruffian (level 6, 0/54 HPs)
             Began as a Troll Artificer on Dec 12, 2015.
             Was an Initiate of Pakellas.
             Slain by a two-headed ogre
             ... wielding a cursed -2 giant spiked club
              (15 damage)
             ... on level 4 of the Dungeon.
             The game lasted 00:08:01 (2585 turns).

MrRokkomies the Ruffian (Troll Artificer)           Turns: 2585, Time: 00:08:01

Health: 0/54       AC:  7    Str: 20    XL:     6   Next: 45%
Magic:  7/7        EV: 10    Int:  8    God:    Pakellas [......]
Gold:   108        SH:  0    Dex: 12    Spells: 0 memorised, 5 levels left

rFire  . . .     SeeInvis .       - Unarmed
rCold  . . .     Clarity  .     b - +0 robe
rNeg   . . .     SustAt   .     (no shield)
rPois  .         Gourm    +     (helmet restricted)
rElec  .         Spirit   .     g - +1 cloak
rCorr  .         Dismiss  .     (gloves unavailable)
rMut   .         Stasis   .     (boots unavailable)
MR     +....                    v - amulet of regeneration
Stlth  +.........               (no ring)
                                u - ring of protection from magic

@: somewhat resistant to hostile enchantments, very unstealthy
A: unfitting armour, claws 3, fast metabolism 3, gourmand, regeneration 2,
shaggy fur 1, tough skin 2
a: Renounce Religion


You were on level 4 of the Dungeon.
You worshipped Pakellas.
Pakellas was noncommittal.
You were full.

You visited 2 branches of the dungeon, and saw 5 of its levels.

You collected 108 gold pieces.

Inventory:

Missiles
 h - 153 stones
 i - 7 tomahawks (quivered)
 w - 5 tomahawks of dispersal
Armour
 b - a +0 robe (worn)
 g - a +1 cloak (worn)
Jewellery
 j - an uncursed ring of fire
 u - a ring of protection from magic (left claw)
 v - an amulet of regeneration (around neck)
Wands
 c - a wand of flame (15)
 d - a wand of enslavement (14)
 e - a wand of random effects (15)
Scrolls
 k - 2 scrolls of fog
 l - a scroll of remove curse
 p - a scroll of enchant weapon {unknown}
 t - a scroll of enchant armour
Potions
 m - a potion of brilliance
 o - a potion of heal wounds
 q - 2 potions of invisibility {unknown}
Comestibles
 a - a beef jerky
 f - 3 bread rations
 n - 2 slices of pizza
 r - 3 meat rations
 s - 2 royal jellies


   Skills:
 - Level 0.7 Fighting
   Level 0.7 Short Blades
 - Level 1.5 Dodging
 - Level 0.4 Stealth
 * Level 5.1 Unarmed Combat
 + Level 3.7 Evocations


You had 5 spell levels left.
You didn't know any spells.

Dungeon Overview and Level Annotations

Branches:
Dungeon (4/15)             Temple (1/1) D:4

Altars:
Ashenzari
Cheibriados
Dithmenos
Elyvilon
Fedhas
Gozag
Kikubaaqudgha
Makhleb
Nemelex Xobeh
Okawaru
Pakellas
Qazlal
Sif Muna
Trog
Vehumet
Xom
Yredelemnul
Zin
The Shining One

Annotations:
D:3 Banto's ghost, amateur DgWn


Innate Abilities, Weirdness & Mutations

You are too large for most types of armour.
You have claws for hands.
Your metabolism is lightning-fast.
You like to eat raw meat.
You heal very quickly.
You are covered in fur (AC +1).
You have very tough skin (AC +2).


Message History

The two-headed ogre is lightly wounded.
The two-headed ogre hits you with a giant spiked club!
The two-headed ogre closely misses you.
You scratch the two-headed ogre.
The two-headed ogre is lightly wounded.
You claw the two-headed ogre!
The two-headed ogre is moderately wounded.
The two-headed ogre barely misses you. x2
You scratch the two-headed ogre but do no damage.
The two-headed ogre is moderately wounded.
The two-headed ogre hits you with a giant spiked club!
The two-headed ogre hits you with a giant club.
You claw the two-headed ogre!
The two-headed ogre is severely wounded.
You barely miss the two-headed ogre.
The two-headed ogre is severely wounded.
The two-headed ogre hits you with a giant spiked club!!
* * * LOW HITPOINT WARNING * * *
The two-headed ogre hits you with a giant club!
You die...

###....#...#.#####.##.#
#..
...............###.##.#
. #.⌠
..###......).......##.#
#..####.. .##
###.#.##.#.######.#
#........ .# #.#.##.#.#
#.# #....⌠..> ##
#.#.##.#.# #.#
#..#..... # #)#......#
#.# #. ####.. #
#.####.#.######.# #.⌠ #
##.###.#.#.@O....# #..
### #.......#.########
#.. ..# #.[####...# #..
#.# #..####...# #.. #.#
##.........# #..
#.###.#.####..##
......# #.##.###.###..#
###### #.#.## ##.##..#
#....###......#


You could see a two-headed ogre.

Vanquished Creatures
  A phantom (D:4)
  2 hounds (D:4)
  2 orc priests (D:4)
  An orc wizard (D:4)
  A worker ant (D:4)
  3 adders
  A gnoll (D:1)
  A worm (D:2)
  7 orcs
  3 ball pythons
  5 bats
  7 goblins
  6 hobgoblins
  7 kobolds
  2 quokkas
  2 giant cockroaches
  3 giant newts
  3 jackals (D:1)
  7 rats
  A plant (D:1)
65 creatures vanquished.

Vanquished Creatures (others)
  An orc wizard (D:3)
1 creature vanquished.

Grand Total: 66 creatures vanquished

Notes
Turn   | Place    | Note
--------------------------------------------------------------
     0 | D:1      | MrRokkomies the Troll Artificer began the quest for the Orb.
     0 | D:1      | Reached XP level 1. HP: 18/18 MP: 1/1
   178 | D:1      | Reached XP level 2. HP: 26/26 MP: 2/2
   343 | D:1      | Reached skill level 1 in Unarmed Combat
   612 | D:1      | Reached XP level 3. HP: 24/32 MP: 3/3
  1278 | D:2      | Found a snail-covered altar of Cheibriados.
  1461 | D:2      | Reached XP level 4. HP: 40/40 MP: 5/5
  1757 | D:3      | Noticed Banto's ghost (amateur DgWn)
  1867 | D:3      | Reached skill level 3 in Evocations
  1980 | D:4      | Reached XP level 5. HP: 46/46 MP: 6/6
  2042 | D:4      | Reached skill level 4 in Unarmed Combat
  2110 | D:4      | Found a staircase to the Ecumenical Temple.
  2119 | Temple   | Entered the Ecumenical Temple
  2211 | Temple   | Became a worshipper of Pakellas the Inventive
  2354 | D:4      | Noticed a phantom
  2378 | D:4      | Reached XP level 6. HP: 49/54 MP: 7/7
  2498 | D:4      | Reached skill level 5 in Unarmed Combat
  2500 | D:4      | Noticed a two-headed ogre
  2520 | D:4      | Found a shattered altar of Ashenzari.
  2585 | D:4      | Slain by a two-headed ogre

Vault maps used:
D:1:      roderic_crop_circles_arrival_small
D:2:      overflow_temple_1_default, kennysheep_boxes
D:3:      serial_forest, infiniplex_forest_lined_3, infiniplex_forest_corner_1,
          infiniplex_forest_clump_diagonal, infiniplex_forest_zigzag_2,
          infiniplex_forest_lined_4_way, infiniplex_forest_clump_C,
          infiniplex_forest_clump_large, infiniplex_forest_clump_diagonal,
          kennysheep_big_empty_room, uniq_terence
D:4:      minmay_temple_entry_junction, serial_bayou_pond_d,
          evilmike_ruin_ashenzari
Temple:   kilobyte_greek_temple_18

Action                   |  1- 3 |  4- 6 || total
-------------------------+-------+-------++-------
Melee: Unarmed           |   135 |   111 ||   246
       Short sword       |     1 |       ||     1
Throw: Tomahawk          |       |     3 ||     3
Evoke: Wand              |       |     1 ||     1
  Use: Scroll            |    12 |       ||    12
  Eat: Chunk             |    15 |    11 ||    26
